Workbook

Sheet Plan
A1: Budgetplaner — Plan (Soll)
A2: Trag in die gelben Zellen ein, was du für jeden Monat planst; graue und grüne Zeilen rechnen sich selbst. Die Beispielzahlen gelten für einen Haushalt mit 2.900 € netto im Monat. Einfach überschreiben.
A3: Posten | B3: Jan | C3: Feb | D3: Mär | E3: Apr | F3: Mai | G3: Jun | H3: Jul | I3: Aug | J3: Sep | K3: Okt | L3: Nov | M3: Dez | N3: Jahressumme | O3: Monatsschnitt
A4: EINNAHMEN
A5: Gehalt (netto) | B5: 2900 | C5: 2900 | D5: 2900 | E5: 2900 | F5: 2900 | G5: 2900 | H5: 2900 | I5: 2900 | J5: 2900 | K5: 2900 | L5: 2900 | M5: 2900 | N5: =SUM(B5:M5) -> 34800 | O5: =IF(COUNT(B5:M5)=0,"",AVERAGE(B5:M5)) -> 2900
A6: Nebeneinkommen | B6: 0 | C6: 0 | D6: 0 | E6: 0 | F6: 0 | G6: 0 | H6: 0 | I6: 0 | J6: 0 | K6: 0 | L6: 0 | M6: 0 | N6: =SUM(B6:M6) -> 0 | O6: =IF(COUNT(B6:M6)=0,"",AVERAGE(B6:M6)) -> 0
A7: Urlaubs- & Weihnachtsgeld | B7: 0 | C7: 0 | D7: 0 | E7: 0 | F7: 0 | G7: 600 | H7: 0 | I7: 0 | J7: 0 | K7: 0 | L7: 1100 | M7: 0 | N7: =SUM(B7:M7) -> 1700 | O7: =IF(COUNT(B7:M7)=0,"",AVERAGE(B7:M7)) -> 141.66667
A8: Einnahmen gesamt | B8: =IF(COUNT(B5:B7,B11:B24)=0,"",SUM(B5:B7)) -> 2900 | C8: =IF(COUNT(C5:C7,C11:C24)=0,"",SUM(C5:C7)) -> 2900 | D8: =IF(COUNT(D5:D7,D11:D24)=0,"",SUM(D5:D7)) -> 2900 | E8: =IF(COUNT(E5:E7,E11:E24)=0,"",SUM(E5:E7)) -> 2900 | F8: =IF(COUNT(F5:F7,F11:F24)=0,"",SUM(F5:F7)) -> 2900 | G8: =IF(COUNT(G5:G7,G11:G24)=0,"",SUM(G5:G7)) -> 3500 | H8: =IF(COUNT(H5:H7,H11:H24)=0,"",SUM(H5:H7)) -> 2900 | I8: =IF(COUNT(I5:I7,I11:I24)=0,"",SUM(I5:I7)) -> 2900 | ... M8: =IF(COUNT(M5:M7,M11:M24)=0,"",SUM(M5:M7)) -> 2900 | N8: =SUM(B8:M8) -> 36500 | O8: =IF(COUNT(B8:M8)=0,"",AVERAGE(B8:M8)) -> 3041.6667
A10: AUSGABEN
A11: Warmmiete | B11: 1050 | C11: 1050 | D11: 1050 | E11: 1050 | F11: 1050 | G11: 1050 | H11: 1050 | I11: 1050 | J11: 1050 | K11: 1050 | L11: 1050 | M11: 1050 | N11: =SUM(B11:M11) -> 12600 | O11: =IF(COUNT(B11:M11)=0,"",AVERAGE(B11:M11)) -> 1050
A12: Strom (Abschlag) | B12: 85 | C12: 85 | D12: 85 | E12: 85 | F12: 85 | G12: 85 | H12: 85 | I12: 85 | J12: 85 | K12: 85 | L12: 85 | M12: 85 | N12: =SUM(B12:M12) -> 1020 | O12: =IF(COUNT(B12:M12)=0,"",AVERAGE(B12:M12)) -> 85
A13: Internet & Handy | B13: 60 | C13: 60 | D13: 60 | E13: 60 | F13: 60 | G13: 60 | H13: 60 | I13: 60 | J13: 60 | K13: 60 | L13: 60 | M13: 60 | N13: =SUM(B13:M13) -> 720 | O13: =IF(COUNT(B13:M13)=0,"",AVERAGE(B13:M13)) -> 60
A14: Lebensmittel & Drogerie | B14: 450 | C14: 450 | D14: 450 | E14: 450 | F14: 450 | G14: 450 | H14: 450 | I14: 450 | J14: 450 | K14: 450 | L14: 450 | M14: 450 | N14: =SUM(B14:M14) -> 5400 | O14: =IF(COUNT(B14:M14)=0,"",AVERAGE(B14:M14)) -> 450
A15: Mobilität | B15: 180 | C15: 180 | D15: 180 | E15: 180 | F15: 180 | G15: 180 | H15: 180 | I15: 180 | J15: 180 | K15: 180 | L15: 180 | M15: 180 | N15: =SUM(B15:M15) -> 2160 | O15: =IF(COUNT(B15:M15)=0,"",AVERAGE(B15:M15)) -> 180
A16: Versicherungen | B16: 520 | C16: 55 | D16: 55 | E16: 55 | F16: 55 | G16: 55 | H16: 55 | I16: 55 | J16: 55 | K16: 55 | L16: 55 | M16: 55 | N16: =SUM(B16:M16) -> 1125 | O16: =IF(COUNT(B16:M16)=0,"",AVERAGE(B16:M16)) -> 93.75
A17: Gesundheit | B17: 30 | C17: 30 | D17: 30 | E17: 30 | F17: 30 | G17: 30 | H17: 30 | I17: 30 | J17: 30 | K17: 30 | L17: 30 | M17: 30 | N17: =SUM(B17:M17) -> 360 | O17: =IF(COUNT(B17:M17)=0,"",AVERAGE(B17:M17)) -> 30
A18: Kleidung | B18: 60 | C18: 60 | D18: 100 | E18: 60 | F18: 60 | G18: 60 | H18: 60 | I18: 60 | J18: 100 | K18: 60 | L18: 60 | M18: 60 | N18: =SUM(B18:M18) -> 800 | O18: =IF(COUNT(B18:M18)=0,"",AVERAGE(B18:M18)) -> 66.666667
A19: Freizeit & Essen gehen | B19: 150 | C19: 150 | D19: 150 | E19: 150 | F19: 150 | G19: 150 | H19: 150 | I19: 150 | J19: 150 | K19: 150 | L19: 150 | M19: 150 | N19: =SUM(B19:M19) -> 1800 | O19: =IF(COUNT(B19:M19)=0,"",AVERAGE(B19:M19)) -> 150
A20: Urlaub & Geschenke | B20: 30 | C20: 30 | D20: 30 | E20: 30 | F20: 30 | G20: 30 | H20: 30 | I20: 650 | J20: 30 | K20: 30 | L20: 30 | M20: 300 | N20: =SUM(B20:M20) -> 1250 | O20: =IF(COUNT(B20:M20)=0,"",AVERAGE(B20:M20)) -> 104.16667
A21: Abos & Mitgliedschaften | B21: 45 | C21: 45 | D21: 45 | E21: 45 | F21: 45 | G21: 45 | H21: 45 | I21: 45 | J21: 45 | K21: 45 | L21: 45 | M21: 45 | N21: =SUM(B21:M21) -> 540 | O21: =IF(COUNT(B21:M21)=0,"",AVERAGE(B21:M21)) -> 45
A22: Kredite & Raten | B22: 150 | C22: 150 | D22: 150 | E22: 150 | F22: 150 | G22: 150 | H22: 150 | I22: 150 | J22: 150 | K22: 150 | L22: 150 | M22: 150 | N22: =SUM(B22:M22) -> 1800 | O22: =IF(COUNT(B22:M22)=0,"",AVERAGE(B22:M22)) -> 150
... A24: Sonstiges | B24: 50 | C24: 50 | D24: 50 | E24: 50 | F24: 50 | G24: 50 | H24: 50 | I24: 50 | J24: 50 | K24: 50 | L24: 50 | M24: 50 | N24: =SUM(B24:M24) -> 600 | O24: =IF(COUNT(B24:M24)=0,"",AVERAGE(B24:M24)) -> 50
A25: Ausgaben gesamt | B25: =IF(COUNT(B5:B7,B11:B24)=0,"",SUM(B11:B24)) -> 2860 | C25: =IF(COUNT(C5:C7,C11:C24)=0,"",SUM(C11:C24)) -> 2695 | D25: =IF(COUNT(D5:D7,D11:D24)=0,"",SUM(D11:D24)) -> 2735 | E25: =IF(COUNT(E5:E7,E11:E24)=0,"",SUM(E11:E24)) -> 2695 | F25: =IF(COUNT(F5:F7,F11:F24)=0,"",SUM(F11:F24)) -> 2695 | G25: =IF(COUNT(G5:G7,G11:G24)=0,"",SUM(G11:G24)) -> 2695 | H25: =IF(COUNT(H5:H7,H11:H24)=0,"",SUM(H11:H24)) -> 2695 | I25: =IF(COUNT(I5:I7,I11:I24)=0,"",SUM(I11:I24)) -> 3015 | ... M25: =IF(COUNT(M5:M7,M11:M24)=0,"",SUM(M11:M24)) -> 2965 | N25: =SUM(B25:M25) -> 33175 | O25: =IF(COUNT(B25:M25)=0,"",AVERAGE(B25:M25)) -> 2764.5833
A27: Übrig (Einnahmen − Ausgaben) | B27: =IF(B8="","",B8-B25) -> 40 | C27: =IF(C8="","",C8-C25) -> 205 | D27: =IF(D8="","",D8-D25) -> 165 | E27: =IF(E8="","",E8-E25) -> 205 | F27: =IF(F8="","",F8-F25) -> 205 | G27: =IF(G8="","",G8-G25) -> 805 | H27: =IF(H8="","",H8-H25) -> 205 | I27: =IF(I8="","",I8-I25) -> -115 | ... M27: =IF(M8="","",M8-M25) -> -65 | N27: =SUM(B27:M27) -> 3325 | O27: =IF(COUNT(B27:M27)=0,"",AVERAGE(B27:M27)) -> 277.08333
A28: Gespart (Sparen + Übrig) | B28: =IF(B8="","",B23+B27) -> 40 | C28: =IF(C8="","",C23+C27) -> 505 | D28: =IF(D8="","",D23+D27) -> 465 | E28: =IF(E8="","",E23+E27) -> 505 | F28: =IF(F8="","",F23+F27) -> 505 | G28: =IF(G8="","",G23+G27) -> 1105 | H28: =IF(H8="","",H23+H27) -> 505 | I28: =IF(I8="","",I23+I27) -> -115 | ... M28: =IF(M8="","",M23+M27) -> 235 | N28: =SUM(B28:M28) -> 6325 | O28: =IF(COUNT(B28:M28)=0,"",AVERAGE(B28:M28)) -> 527.08333
A29: Sparquote | B29: =IF(N(B8)=0,"",B28/B8) -> 0.013793103 | C29: =IF(N(C8)=0,"",C28/C8) -> 0.17413793 | D29: =IF(N(D8)=0,"",D28/D8) -> 0.16034483 | E29: =IF(N(E8)=0,"",E28/E8) -> 0.17413793 | F29: =IF(N(F8)=0,"",F28/F8) -> 0.17413793 | G29: =IF(N(G8)=0,"",G28/G8) -> 0.31571429 | H29: =IF(N(H8)=0,"",H28/H8) -> 0.17413793 | I29: =IF(N(I8)=0,"",I28/I8) -> -0.039655172 | ... O29: =IF(N(O8)=0,"",O28/O8) -> 0.17328767

Sheet Ist
A1: Budgetplaner — Ist
A2: Trag am Monatsende ein, was tatsächlich reinkam und rausging. Leere Monate zählen weder in Summen noch im Schnitt oder in der Abweichung. Im Beispiel sind Januar bis März ausgefüllt.
A3: Posten | B3: Jan | C3: Feb | D3: Mär | E3: Apr | F3: Mai | G3: Jun | H3: Jul | I3: Aug | J3: Sep | K3: Okt | L3: Nov | M3: Dez | N3: Jahressumme | O3: Monatsschnitt
A4: EINNAHMEN
A5: ='Plan'!A5 -> Gehalt (netto) | B5: 2900 | C5: 2900 | D5: 2900 | N5: =SUM(B5:M5) -> 8700 | O5: =IF(COUNT(B5:M5)=0,"",AVERAGE(B5:M5)) -> 2900
A6: ='Plan'!A6 -> Nebeneinkommen | B6: 0 | C6: 180 | D6: 0 | N6: =SUM(B6:M6) -> 180 | O6: =IF(COUNT(B6:M6)=0,"",AVERAGE(B6:M6)) -> 60
A7: ='Plan'!A7 -> Urlaubs- & Weihnachtsgeld | B7: 0 | C7: 0 | D7: 0 | N7: =SUM(B7:M7) -> 0 | O7: =IF(COUNT(B7:M7)=0,"",AVERAGE(B7:M7)) -> 0
A8: Einnahmen gesamt | B8: =IF(COUNT(B5:B7,B11:B24)=0,"",SUM(B5:B7)) -> 2900 | C8: =IF(COUNT(C5:C7,C11:C24)=0,"",SUM(C5:C7)) -> 3080 | D8: =IF(COUNT(D5:D7,D11:D24)=0,"",SUM(D5:D7)) -> 2900 | E8: =IF(COUNT(E5:E7,E11:E24)=0,"",SUM(E5:E7)) | F8: =IF(COUNT(F5:F7,F11:F24)=0,"",SUM(F5:F7)) | G8: =IF(COUNT(G5:G7,G11:G24)=0,"",SUM(G5:G7)) | H8: =IF(COUNT(H5:H7,H11:H24)=0,"",SUM(H5:H7)) | I8: =IF(COUNT(I5:I7,I11:I24)=0,"",SUM(I5:I7)) | ... M8: =IF(COUNT(M5:M7,M11:M24)=0,"",SUM(M5:M7)) | N8: =SUM(B8:M8) -> 8880 | O8: =IF(COUNT(B8:M8)=0,"",AVERAGE(B8:M8)) -> 2960
A10: AUSGABEN
A11: ='Plan'!A11 -> Warmmiete | B11: 1050 | C11: 1050 | D11: 1050 | N11: =SUM(B11:M11) -> 3150 | O11: =IF(COUNT(B11:M11)=0,"",AVERAGE(B11:M11)) -> 1050
A12: ='Plan'!A12 -> Strom (Abschlag) | B12: 85 | C12: 85 | D12: 85 | N12: =SUM(B12:M12) -> 255 | O12: =IF(COUNT(B12:M12)=0,"",AVERAGE(B12:M12)) -> 85
A13: ='Plan'!A13 -> Internet & Handy | B13: 60 | C13: 60 | D13: 60 | N13: =SUM(B13:M13) -> 180 | O13: =IF(COUNT(B13:M13)=0,"",AVERAGE(B13:M13)) -> 60
A14: ='Plan'!A14 -> Lebensmittel & Drogerie | B14: 497 | C14: 431 | D14: 468 | N14: =SUM(B14:M14) -> 1396 | O14: =IF(COUNT(B14:M14)=0,"",AVERAGE(B14:M14)) -> 465.33333
A15: ='Plan'!A15 -> Mobilität | B15: 171 | C15: 186 | D15: 194 | N15: =SUM(B15:M15) -> 551 | O15: =IF(COUNT(B15:M15)=0,"",AVERAGE(B15:M15)) -> 183.66667
A16: ='Plan'!A16 -> Versicherungen | B16: 538 | C16: 55 | D16: 55 | N16: =SUM(B16:M16) -> 648 | O16: =IF(COUNT(B16:M16)=0,"",AVERAGE(B16:M16)) -> 216
A17: ='Plan'!A17 -> Gesundheit | B17: 12 | C17: 64 | D17: 30 | N17: =SUM(B17:M17) -> 106 | O17: =IF(COUNT(B17:M17)=0,"",AVERAGE(B17:M17)) -> 35.333333
A18: ='Plan'!A18 -> Kleidung | B18: 119 | C18: 20 | D18: 84 | N18: =SUM(B18:M18) -> 223 | O18: =IF(COUNT(B18:M18)=0,"",AVERAGE(B18:M18)) -> 74.333333
A19: ='Plan'!A19 -> Freizeit & Essen gehen | B19: 163 | C19: 128 | D19: 172 | N19: =SUM(B19:M19) -> 463 | O19: =IF(COUNT(B19:M19)=0,"",AVERAGE(B19:M19)) -> 154.33333
A20: ='Plan'!A20 -> Urlaub & Geschenke | B20: 0 | C20: 45 | D20: 30 | N20: =SUM(B20:M20) -> 75 | O20: =IF(COUNT(B20:M20)=0,"",AVERAGE(B20:M20)) -> 25
A21: ='Plan'!A21 -> Abos & Mitgliedschaften | B21: 45 | C21: 45 | D21: 57 | N21: =SUM(B21:M21) -> 147 | O21: =IF(COUNT(B21:M21)=0,"",AVERAGE(B21:M21)) -> 49
A22: ='Plan'!A22 -> Kredite & Raten | B22: 150 | C22: 150 | D22: 150 | N22: =SUM(B22:M22) -> 450 | O22: =IF(COUNT(B22:M22)=0,"",AVERAGE(B22:M22)) -> 150
... A24: ='Plan'!A24 -> Sonstiges | B24: 72 | C24: 38 | D24: 61 | N24: =SUM(B24:M24) -> 171 | O24: =IF(COUNT(B24:M24)=0,"",AVERAGE(B24:M24)) -> 57
A25: Ausgaben gesamt | B25: =IF(COUNT(B5:B7,B11:B24)=0,"",SUM(B11:B24)) -> 2962 | C25: =IF(COUNT(C5:C7,C11:C24)=0,"",SUM(C11:C24)) -> 2657 | D25: =IF(COUNT(D5:D7,D11:D24)=0,"",SUM(D11:D24)) -> 2796 | E25: =IF(COUNT(E5:E7,E11:E24)=0,"",SUM(E11:E24)) | F25: =IF(COUNT(F5:F7,F11:F24)=0,"",SUM(F11:F24)) | G25: =IF(COUNT(G5:G7,G11:G24)=0,"",SUM(G11:G24)) | H25: =IF(COUNT(H5:H7,H11:H24)=0,"",SUM(H11:H24)) | I25: =IF(COUNT(I5:I7,I11:I24)=0,"",SUM(I11:I24)) | ... M25: =IF(COUNT(M5:M7,M11:M24)=0,"",SUM(M11:M24)) | N25: =SUM(B25:M25) -> 8415 | O25: =IF(COUNT(B25:M25)=0,"",AVERAGE(B25:M25)) -> 2805
A27: Übrig (Einnahmen − Ausgaben) | B27: =IF(B8="","",B8-B25) -> -62 | C27: =IF(C8="","",C8-C25) -> 423 | D27: =IF(D8="","",D8-D25) -> 104 | E27: =IF(E8="","",E8-E25) | F27: =IF(F8="","",F8-F25) | G27: =IF(G8="","",G8-G25) | H27: =IF(H8="","",H8-H25) | I27: =IF(I8="","",I8-I25) | ... M27: =IF(M8="","",M8-M25) | N27: =SUM(B27:M27) -> 465 | O27: =IF(COUNT(B27:M27)=0,"",AVERAGE(B27:M27)) -> 155
A28: Gespart (Sparen + Übrig) | B28: =IF(B8="","",B23+B27) -> -62 | C28: =IF(C8="","",C23+C27) -> 723 | D28: =IF(D8="","",D23+D27) -> 404 | E28: =IF(E8="","",E23+E27) | F28: =IF(F8="","",F23+F27) | G28: =IF(G8="","",G23+G27) | H28: =IF(H8="","",H23+H27) | I28: =IF(I8="","",I23+I27) | ... M28: =IF(M8="","",M23+M27) | N28: =SUM(B28:M28) -> 1065 | O28: =IF(COUNT(B28:M28)=0,"",AVERAGE(B28:M28)) -> 355
A29: Sparquote | B29: =IF(N(B8)=0,"",B28/B8) -> -0.02137931 | C29: =IF(N(C8)=0,"",C28/C8) -> 0.23474026 | D29: =IF(N(D8)=0,"",D28/D8) -> 0.13931034 | E29: =IF(N(E8)=0,"",E28/E8) | F29: =IF(N(F8)=0,"",F28/F8) | G29: =IF(N(G8)=0,"",G28/G8) | H29: =IF(N(H8)=0,"",H28/H8) | I29: =IF(N(I8)=0,"",I28/I8) | ... O29: =IF(N(O8)=0,"",O28/O8) -> 0.11993243

Sheet Abweichung
A1: Soll-Ist-Vergleich — Abweichung
A2: Plus (grün) = zu deinen Gunsten: mehr Einnahmen, weniger Ausgaben oder mehr gespart als geplant. Minus (rot) = in dieser Zeile über dem Plan.
A3: Posten | B3: Jan | C3: Feb | D3: Mär | E3: Apr | F3: Mai | G3: Jun | H3: Jul | I3: Aug | J3: Sep | K3: Okt | L3: Nov | M3: Dez | N3: Abweichung bisher
A4: EINNAHMEN
A5: ='Plan'!A5 -> Gehalt (netto) | B5: =IF(COUNT('Ist'!B5)=0,"",'Ist'!B5-'Plan'!B5) -> 0 | C5: =IF(COUNT('Ist'!C5)=0,"",'Ist'!C5-'Plan'!C5) -> 0 | D5: =IF(COUNT('Ist'!D5)=0,"",'Ist'!D5-'Plan'!D5) -> 0 | E5: =IF(COUNT('Ist'!E5)=0,"",'Ist'!E5-'Plan'!E5) | F5: =IF(COUNT('Ist'!F5)=0,"",'Ist'!F5-'Plan'!F5) | G5: =IF(COUNT('Ist'!G5)=0,"",'Ist'!G5-'Plan'!G5) | H5: =IF(COUNT('Ist'!H5)=0,"",'Ist'!H5-'Plan'!H5) | I5: =IF(COUNT('Ist'!I5)=0,"",'Ist'!I5-'Plan'!I5) | ... M5: =IF(COUNT('Ist'!M5)=0,"",'Ist'!M5-'Plan'!M5) | N5: =SUM(B5:M5) -> 0
A6: ='Plan'!A6 -> Nebeneinkommen | B6: =IF(COUNT('Ist'!B6)=0,"",'Ist'!B6-'Plan'!B6) -> 0 | C6: =IF(COUNT('Ist'!C6)=0,"",'Ist'!C6-'Plan'!C6) -> 180 | D6: =IF(COUNT('Ist'!D6)=0,"",'Ist'!D6-'Plan'!D6) -> 0 | E6: =IF(COUNT('Ist'!E6)=0,"",'Ist'!E6-'Plan'!E6) | F6: =IF(COUNT('Ist'!F6)=0,"",'Ist'!F6-'Plan'!F6) | G6: =IF(COUNT('Ist'!G6)=0,"",'Ist'!G6-'Plan'!G6) | H6: =IF(COUNT('Ist'!H6)=0,"",'Ist'!H6-'Plan'!H6) | I6: =IF(COUNT('Ist'!I6)=0,"",'Ist'!I6-'Plan'!I6) | ... M6: =IF(COUNT('Ist'!M6)=0,"",'Ist'!M6-'Plan'!M6) | N6: =SUM(B6:M6) -> 180
A7: ='Plan'!A7 -> Urlaubs- & Weihnachtsgeld | B7: =IF(COUNT('Ist'!B7)=0,"",'Ist'!B7-'Plan'!B7) -> 0 | C7: =IF(COUNT('Ist'!C7)=0,"",'Ist'!C7-'Plan'!C7) -> 0 | D7: =IF(COUNT('Ist'!D7)=0,"",'Ist'!D7-'Plan'!D7) -> 0 | E7: =IF(COUNT('Ist'!E7)=0,"",'Ist'!E7-'Plan'!E7) | F7: =IF(COUNT('Ist'!F7)=0,"",'Ist'!F7-'Plan'!F7) | G7: =IF(COUNT('Ist'!G7)=0,"",'Ist'!G7-'Plan'!G7) | H7: =IF(COUNT('Ist'!H7)=0,"",'Ist'!H7-'Plan'!H7) | I7: =IF(COUNT('Ist'!I7)=0,"",'Ist'!I7-'Plan'!I7) | ... M7: =IF(COUNT('Ist'!M7)=0,"",'Ist'!M7-'Plan'!M7) | N7: =SUM(B7:M7) -> 0
A8: Einnahmen gesamt | B8: =IF('Ist'!B8="","",'Ist'!B8-'Plan'!B8) -> 0 | C8: =IF('Ist'!C8="","",'Ist'!C8-'Plan'!C8) -> 180 | D8: =IF('Ist'!D8="","",'Ist'!D8-'Plan'!D8) -> 0 | E8: =IF('Ist'!E8="","",'Ist'!E8-'Plan'!E8) | F8: =IF('Ist'!F8="","",'Ist'!F8-'Plan'!F8) | G8: =IF('Ist'!G8="","",'Ist'!G8-'Plan'!G8) | H8: =IF('Ist'!H8="","",'Ist'!H8-'Plan'!H8) | I8: =IF('Ist'!I8="","",'Ist'!I8-'Plan'!I8) | ... M8: =IF('Ist'!M8="","",'Ist'!M8-'Plan'!M8) | N8: =SUM(B8:M8) -> 180
A10: AUSGABEN
A11: ='Plan'!A11 -> Warmmiete | B11: =IF(COUNT('Ist'!B11)=0,"",'Plan'!B11-'Ist'!B11) -> 0 | C11: =IF(COUNT('Ist'!C11)=0,"",'Plan'!C11-'Ist'!C11) -> 0 | D11: =IF(COUNT('Ist'!D11)=0,"",'Plan'!D11-'Ist'!D11) -> 0 | E11: =IF(COUNT('Ist'!E11)=0,"",'Plan'!E11-'Ist'!E11) | F11: =IF(COUNT('Ist'!F11)=0,"",'Plan'!F11-'Ist'!F11) | G11: =IF(COUNT('Ist'!G11)=0,"",'Plan'!G11-'Ist'!G11) | H11: =IF(COUNT('Ist'!H11)=0,"",'Plan'!H11-'Ist'!H11) | I11: =IF(COUNT('Ist'!I11)=0,"",'Plan'!I11-'Ist'!I11) | ... M11: =IF(COUNT('Ist'!M11)=0,"",'Plan'!M11-'Ist'!M11) | N11: =SUM(B11:M11) -> 0
A12: ='Plan'!A12 -> Strom (Abschlag) | B12: =IF(COUNT('Ist'!B12)=0,"",'Plan'!B12-'Ist'!B12) -> 0 | C12: =IF(COUNT('Ist'!C12)=0,"",'Plan'!C12-'Ist'!C12) -> 0 | D12: =IF(COUNT('Ist'!D12)=0,"",'Plan'!D12-'Ist'!D12) -> 0 | E12: =IF(COUNT('Ist'!E12)=0,"",'Plan'!E12-'Ist'!E12) | F12: =IF(COUNT('Ist'!F12)=0,"",'Plan'!F12-'Ist'!F12) | G12: =IF(COUNT('Ist'!G12)=0,"",'Plan'!G12-'Ist'!G12) | H12: =IF(COUNT('Ist'!H12)=0,"",'Plan'!H12-'Ist'!H12) | I12: =IF(COUNT('Ist'!I12)=0,"",'Plan'!I12-'Ist'!I12) | ... M12: =IF(COUNT('Ist'!M12)=0,"",'Plan'!M12-'Ist'!M12) | N12: =SUM(B12:M12) -> 0
A13: ='Plan'!A13 -> Internet & Handy | B13: =IF(COUNT('Ist'!B13)=0,"",'Plan'!B13-'Ist'!B13) -> 0 | C13: =IF(COUNT('Ist'!C13)=0,"",'Plan'!C13-'Ist'!C13) -> 0 | D13: =IF(COUNT('Ist'!D13)=0,"",'Plan'!D13-'Ist'!D13) -> 0 | E13: =IF(COUNT('Ist'!E13)=0,"",'Plan'!E13-'Ist'!E13) | F13: =IF(COUNT('Ist'!F13)=0,"",'Plan'!F13-'Ist'!F13) | G13: =IF(COUNT('Ist'!G13)=0,"",'Plan'!G13-'Ist'!G13) | H13: =IF(COUNT('Ist'!H13)=0,"",'Plan'!H13-'Ist'!H13) | I13: =IF(COUNT('Ist'!I13)=0,"",'Plan'!I13-'Ist'!I13) | ... M13: =IF(COUNT('Ist'!M13)=0,"",'Plan'!M13-'Ist'!M13) | N13: =SUM(B13:M13) -> 0
A14: ='Plan'!A14 -> Lebensmittel & Drogerie | B14: =IF(COUNT('Ist'!B14)=0,"",'Plan'!B14-'Ist'!B14) -> -47 | C14: =IF(COUNT('Ist'!C14)=0,"",'Plan'!C14-'Ist'!C14) -> 19 | D14: =IF(COUNT('Ist'!D14)=0,"",'Plan'!D14-'Ist'!D14) -> -18 | E14: =IF(COUNT('Ist'!E14)=0,"",'Plan'!E14-'Ist'!E14) | F14: =IF(COUNT('Ist'!F14)=0,"",'Plan'!F14-'Ist'!F14) | G14: =IF(COUNT('Ist'!G14)=0,"",'Plan'!G14-'Ist'!G14) | H14: =IF(COUNT('Ist'!H14)=0,"",'Plan'!H14-'Ist'!H14) | I14: =IF(COUNT('Ist'!I14)=0,"",'Plan'!I14-'Ist'!I14) | ... M14: =IF(COUNT('Ist'!M14)=0,"",'Plan'!M14-'Ist'!M14) | N14: =SUM(B14:M14) -> -46
A15: ='Plan'!A15 -> Mobilität | B15: =IF(COUNT('Ist'!B15)=0,"",'Plan'!B15-'Ist'!B15) -> 9 | C15: =IF(COUNT('Ist'!C15)=0,"",'Plan'!C15-'Ist'!C15) -> -6 | D15: =IF(COUNT('Ist'!D15)=0,"",'Plan'!D15-'Ist'!D15) -> -14 | E15: =IF(COUNT('Ist'!E15)=0,"",'Plan'!E15-'Ist'!E15) | F15: =IF(COUNT('Ist'!F15)=0,"",'Plan'!F15-'Ist'!F15) | G15: =IF(COUNT('Ist'!G15)=0,"",'Plan'!G15-'Ist'!G15) | H15: =IF(COUNT('Ist'!H15)=0,"",'Plan'!H15-'Ist'!H15) | I15: =IF(COUNT('Ist'!I15)=0,"",'Plan'!I15-'Ist'!I15) | ... M15: =IF(COUNT('Ist'!M15)=0,"",'Plan'!M15-'Ist'!M15) | N15: =SUM(B15:M15) -> -11
A16: ='Plan'!A16 -> Versicherungen | B16: =IF(COUNT('Ist'!B16)=0,"",'Plan'!B16-'Ist'!B16) -> -18 | C16: =IF(COUNT('Ist'!C16)=0,"",'Plan'!C16-'Ist'!C16) -> 0 | D16: =IF(COUNT('Ist'!D16)=0,"",'Plan'!D16-'Ist'!D16) -> 0 | E16: =IF(COUNT('Ist'!E16)=0,"",'Plan'!E16-'Ist'!E16) | F16: =IF(COUNT('Ist'!F16)=0,"",'Plan'!F16-'Ist'!F16) | G16: =IF(COUNT('Ist'!G16)=0,"",'Plan'!G16-'Ist'!G16) | H16: =IF(COUNT('Ist'!H16)=0,"",'Plan'!H16-'Ist'!H16) | I16: =IF(COUNT('Ist'!I16)=0,"",'Plan'!I16-'Ist'!I16) | ... M16: =IF(COUNT('Ist'!M16)=0,"",'Plan'!M16-'Ist'!M16) | N16: =SUM(B16:M16) -> -18
A17: ='Plan'!A17 -> Gesundheit | B17: =IF(COUNT('Ist'!B17)=0,"",'Plan'!B17-'Ist'!B17) -> 18 | C17: =IF(COUNT('Ist'!C17)=0,"",'Plan'!C17-'Ist'!C17) -> -34 | D17: =IF(COUNT('Ist'!D17)=0,"",'Plan'!D17-'Ist'!D17) -> 0 | E17: =IF(COUNT('Ist'!E17)=0,"",'Plan'!E17-'Ist'!E17) | F17: =IF(COUNT('Ist'!F17)=0,"",'Plan'!F17-'Ist'!F17) | G17: =IF(COUNT('Ist'!G17)=0,"",'Plan'!G17-'Ist'!G17) | H17: =IF(COUNT('Ist'!H17)=0,"",'Plan'!H17-'Ist'!H17) | I17: =IF(COUNT('Ist'!I17)=0,"",'Plan'!I17-'Ist'!I17) | ... M17: =IF(COUNT('Ist'!M17)=0,"",'Plan'!M17-'Ist'!M17) | N17: =SUM(B17:M17) -> -16
A18: ='Plan'!A18 -> Kleidung | B18: =IF(COUNT('Ist'!B18)=0,"",'Plan'!B18-'Ist'!B18) -> -59 | C18: =IF(COUNT('Ist'!C18)=0,"",'Plan'!C18-'Ist'!C18) -> 40 | D18: =IF(COUNT('Ist'!D18)=0,"",'Plan'!D18-'Ist'!D18) -> 16 | E18: =IF(COUNT('Ist'!E18)=0,"",'Plan'!E18-'Ist'!E18) | F18: =IF(COUNT('Ist'!F18)=0,"",'Plan'!F18-'Ist'!F18) | G18: =IF(COUNT('Ist'!G18)=0,"",'Plan'!G18-'Ist'!G18) | H18: =IF(COUNT('Ist'!H18)=0,"",'Plan'!H18-'Ist'!H18) | I18: =IF(COUNT('Ist'!I18)=0,"",'Plan'!I18-'Ist'!I18) | ... M18: =IF(COUNT('Ist'!M18)=0,"",'Plan'!M18-'Ist'!M18) | N18: =SUM(B18:M18) -> -3
A19: ='Plan'!A19 -> Freizeit & Essen gehen | B19: =IF(COUNT('Ist'!B19)=0,"",'Plan'!B19-'Ist'!B19) -> -13 | C19: =IF(COUNT('Ist'!C19)=0,"",'Plan'!C19-'Ist'!C19) -> 22 | D19: =IF(COUNT('Ist'!D19)=0,"",'Plan'!D19-'Ist'!D19) -> -22 | E19: =IF(COUNT('Ist'!E19)=0,"",'Plan'!E19-'Ist'!E19) | F19: =IF(COUNT('Ist'!F19)=0,"",'Plan'!F19-'Ist'!F19) | G19: =IF(COUNT('Ist'!G19)=0,"",'Plan'!G19-'Ist'!G19) | H19: =IF(COUNT('Ist'!H19)=0,"",'Plan'!H19-'Ist'!H19) | I19: =IF(COUNT('Ist'!I19)=0,"",'Plan'!I19-'Ist'!I19) | ... M19: =IF(COUNT('Ist'!M19)=0,"",'Plan'!M19-'Ist'!M19) | N19: =SUM(B19:M19) -> -13
A20: ='Plan'!A20 -> Urlaub & Geschenke | B20: =IF(COUNT('Ist'!B20)=0,"",'Plan'!B20-'Ist'!B20) -> 30 | C20: =IF(COUNT('Ist'!C20)=0,"",'Plan'!C20-'Ist'!C20) -> -15 | D20: =IF(COUNT('Ist'!D20)=0,"",'Plan'!D20-'Ist'!D20) -> 0 | E20: =IF(COUNT('Ist'!E20)=0,"",'Plan'!E20-'Ist'!E20) | F20: =IF(COUNT('Ist'!F20)=0,"",'Plan'!F20-'Ist'!F20) | G20: =IF(COUNT('Ist'!G20)=0,"",'Plan'!G20-'Ist'!G20) | H20: =IF(COUNT('Ist'!H20)=0,"",'Plan'!H20-'Ist'!H20) | I20: =IF(COUNT('Ist'!I20)=0,"",'Plan'!I20-'Ist'!I20) | ... M20: =IF(COUNT('Ist'!M20)=0,"",'Plan'!M20-'Ist'!M20) | N20: =SUM(B20:M20) -> 15
A21: ='Plan'!A21 -> Abos & Mitgliedschaften | B21: =IF(COUNT('Ist'!B21)=0,"",'Plan'!B21-'Ist'!B21) -> 0 | C21: =IF(COUNT('Ist'!C21)=0,"",'Plan'!C21-'Ist'!C21) -> 0 | D21: =IF(COUNT('Ist'!D21)=0,"",'Plan'!D21-'Ist'!D21) -> -12 | E21: =IF(COUNT('Ist'!E21)=0,"",'Plan'!E21-'Ist'!E21) | F21: =IF(COUNT('Ist'!F21)=0,"",'Plan'!F21-'Ist'!F21) | G21: =IF(COUNT('Ist'!G21)=0,"",'Plan'!G21-'Ist'!G21) | H21: =IF(COUNT('Ist'!H21)=0,"",'Plan'!H21-'Ist'!H21) | I21: =IF(COUNT('Ist'!I21)=0,"",'Plan'!I21-'Ist'!I21) | ... M21: =IF(COUNT('Ist'!M21)=0,"",'Plan'!M21-'Ist'!M21) | N21: =SUM(B21:M21) -> -12
A22: ='Plan'!A22 -> Kredite & Raten | B22: =IF(COUNT('Ist'!B22)=0,"",'Plan'!B22-'Ist'!B22) -> 0 | C22: =IF(COUNT('Ist'!C22)=0,"",'Plan'!C22-'Ist'!C22) -> 0 | D22: =IF(COUNT('Ist'!D22)=0,"",'Plan'!D22-'Ist'!D22) -> 0 | E22: =IF(COUNT('Ist'!E22)=0,"",'Plan'!E22-'Ist'!E22) | F22: =IF(COUNT('Ist'!F22)=0,"",'Plan'!F22-'Ist'!F22) | G22: =IF(COUNT('Ist'!G22)=0,"",'Plan'!G22-'Ist'!G22) | H22: =IF(COUNT('Ist'!H22)=0,"",'Plan'!H22-'Ist'!H22) | I22: =IF(COUNT('Ist'!I22)=0,"",'Plan'!I22-'Ist'!I22) | ... M22: =IF(COUNT('Ist'!M22)=0,"",'Plan'!M22-'Ist'!M22) | N22: =SUM(B22:M22) -> 0
A23: ='Plan'!A23 -> Sparen | B23: =IF(COUNT('Ist'!B23)=0,"",'Ist'!B23-'Plan'!B23) -> 0 | C23: =IF(COUNT('Ist'!C23)=0,"",'Ist'!C23-'Plan'!C23) -> 0 | D23: =IF(COUNT('Ist'!D23)=0,"",'Ist'!D23-'Plan'!D23) -> 0 | E23: =IF(COUNT('Ist'!E23)=0,"",'Ist'!E23-'Plan'!E23) | F23: =IF(COUNT('Ist'!F23)=0,"",'Ist'!F23-'Plan'!F23) | G23: =IF(COUNT('Ist'!G23)=0,"",'Ist'!G23-'Plan'!G23) | H23: =IF(COUNT('Ist'!H23)=0,"",'Ist'!H23-'Plan'!H23) | I23: =IF(COUNT('Ist'!I23)=0,"",'Ist'!I23-'Plan'!I23) | ... M23: =IF(COUNT('Ist'!M23)=0,"",'Ist'!M23-'Plan'!M23) | N23: =SUM(B23:M23) -> 0
A24: ='Plan'!A24 -> Sonstiges | B24: =IF(COUNT('Ist'!B24)=0,"",'Plan'!B24-'Ist'!B24) -> -22 | C24: =IF(COUNT('Ist'!C24)=0,"",'Plan'!C24-'Ist'!C24) -> 12 | D24: =IF(COUNT('Ist'!D24)=0,"",'Plan'!D24-'Ist'!D24) -> -11 | E24: =IF(COUNT('Ist'!E24)=0,"",'Plan'!E24-'Ist'!E24) | F24: =IF(COUNT('Ist'!F24)=0,"",'Plan'!F24-'Ist'!F24) | G24: =IF(COUNT('Ist'!G24)=0,"",'Plan'!G24-'Ist'!G24) | H24: =IF(COUNT('Ist'!H24)=0,"",'Plan'!H24-'Ist'!H24) | I24: =IF(COUNT('Ist'!I24)=0,"",'Plan'!I24-'Ist'!I24) | ... M24: =IF(COUNT('Ist'!M24)=0,"",'Plan'!M24-'Ist'!M24) | N24: =SUM(B24:M24) -> -21
A25: Ausgaben gesamt | B25: =IF('Ist'!B25="","",'Plan'!B25-'Ist'!B25) -> -102 | C25: =IF('Ist'!C25="","",'Plan'!C25-'Ist'!C25) -> 38 | D25: =IF('Ist'!D25="","",'Plan'!D25-'Ist'!D25) -> -61 | E25: =IF('Ist'!E25="","",'Plan'!E25-'Ist'!E25) | F25: =IF('Ist'!F25="","",'Plan'!F25-'Ist'!F25) | G25: =IF('Ist'!G25="","",'Plan'!G25-'Ist'!G25) | H25: =IF('Ist'!H25="","",'Plan'!H25-'Ist'!H25) | I25: =IF('Ist'!I25="","",'Plan'!I25-'Ist'!I25) | ... M25: =IF('Ist'!M25="","",'Plan'!M25-'Ist'!M25) | N25: =SUM(B25:M25) -> -125
A27: Übrig (Einnahmen − Ausgaben) | B27: =IF('Ist'!B27="","",'Ist'!B27-'Plan'!B27) -> -102 | C27: =IF('Ist'!C27="","",'Ist'!C27-'Plan'!C27) -> 218 | D27: =IF('Ist'!D27="","",'Ist'!D27-'Plan'!D27) -> -61 | E27: =IF('Ist'!E27="","",'Ist'!E27-'Plan'!E27) | F27: =IF('Ist'!F27="","",'Ist'!F27-'Plan'!F27) | G27: =IF('Ist'!G27="","",'Ist'!G27-'Plan'!G27) | H27: =IF('Ist'!H27="","",'Ist'!H27-'Plan'!H27) | I27: =IF('Ist'!I27="","",'Ist'!I27-'Plan'!I27) | ... M27: =IF('Ist'!M27="","",'Ist'!M27-'Plan'!M27) | N27: =SUM(B27:M27) -> 55
A28: Gespart (Sparen + Übrig) | B28: =IF('Ist'!B28="","",'Ist'!B28-'Plan'!B28) -> -102 | C28: =IF('Ist'!C28="","",'Ist'!C28-'Plan'!C28) -> 218 | D28: =IF('Ist'!D28="","",'Ist'!D28-'Plan'!D28) -> -61 | E28: =IF('Ist'!E28="","",'Ist'!E28-'Plan'!E28) | F28: =IF('Ist'!F28="","",'Ist'!F28-'Plan'!F28) | G28: =IF('Ist'!G28="","",'Ist'!G28-'Plan'!G28) | H28: =IF('Ist'!H28="","",'Ist'!H28-'Plan'!H28) | I28: =IF('Ist'!I28="","",'Ist'!I28-'Plan'!I28) | ... M28: =IF('Ist'!M28="","",'Ist'!M28-'Plan'!M28) | N28: =SUM(B28:M28) -> 55
A29: Sparquote (Prozentpunkte) | B29: =IF(N('Ist'!B8)=0,"",'Ist'!B29-'Plan'!B29) -> -0.035172414 | C29: =IF(N('Ist'!C8)=0,"",'Ist'!C29-'Plan'!C29) -> 0.060602329 | D29: =IF(N('Ist'!D8)=0,"",'Ist'!D29-'Plan'!D29) -> -0.021034483 | E29: =IF(N('Ist'!E8)=0,"",'Ist'!E29-'Plan'!E29) | F29: =IF(N('Ist'!F8)=0,"",'Ist'!F29-'Plan'!F29) | G29: =IF(N('Ist'!G8)=0,"",'Ist'!G29-'Plan'!G29) | H29: =IF(N('Ist'!H8)=0,"",'Ist'!H29-'Plan'!H29) | I29: =IF(N('Ist'!I8)=0,"",'Ist'!I29-'Plan'!I29) | ... M29: =IF(N('Ist'!M8)=0,"",'Ist'!M29-'Plan'!M29)

Sheet Anleitung
A1: Budgetplaner — Anleitung
A3: 1. Blatt „Plan“: Trag zu Jahresbeginn in die gelben Zellen ein, was du pro Monat an Einnahmen erwartest und an Ausgaben planst. Unregelmäßige Kosten (Kfz-Versicherung, Urlaub, Weihnachten) gehören in den Monat, in dem sie wirklich anfallen.
A4: 2. Blatt „Ist“: Trag am Monatsende in dieselben Zeilen ein, was tatsächlich geflossen ist. Leere Monate zählen nicht in den Monatsschnitt und nicht in die Abweichung.
A5: 3. Blatt „Abweichung“: Hier trägst du nichts ein. Rote (negative) Zellen zeigen, wo du über dem Plan liegst; grüne (positive) Zellen sind zu deinen Gunsten.
A6: 4. Sparquote = (Sparen + Übrig) / Einnahmen gesamt. Rund 20 % sind ein gesundes Ziel; jeder positive Wert ist ein Anfang.
A7: 5. Kategorie umbenennen: nur im Blatt „Plan“ ändern, die anderen Blätter lesen die Namen von dort. Die drei Blätter passen Zeile für Zeile zusammen, also keine Zeilen nur in einem Blatt einfügen oder löschen. Zusätzliches unter Sonstiges sammeln.
A9: Die Formeln laufen in Excel, Google Tabellen, LibreOffice und Numbers. In deutschem Excel erscheinen sie mit deutschen Funktionsnamen und Semikolon (;). Das ist normal.
A10: Ausgaben unterwegs per Kassenbon-Foto oder Sprache erfassen: die App Personal Accounting, personalaccounting.app
